 Dungeon Crawl Stone Soup version 0.23.2-1-ga50397a (webtiles) character file.

Game seed: 4953176044868925517

106269 Fang the Warrior (level 16, -7/109 HPs)
             Began as a Gargoyle Berserker on May 10, 2019.
             Was the Champion of Trog.
             Killed by divine providence
             ... invoked by an orc high priest
              (13 damage)
             ... on level 2 of the Orcish Mines.
             The game lasted 00:33:59 (22391 turns).

Fang the Warrior (Gargoyle Berserker)              Turns: 22391, Time: 00:34:00

Health: -7/109     AC: 34    Str: 27    XL:     16   Next: 43%
Magic:  16/16      EV: 14    Int: 19    God:    Trog [******]
Gold:   2374       SH:  0    Dex: 10    Spells: 15/15 levels left

rFire    + . .     SeeInvis .   n - +11 executioner's axe "Moall" {speed, Int+2}
rCold    + + .     Gourm    .   (shield currently unavailable)
rNeg     + + .     Faith    .   b - +6 plate armour
rPois    ∞         Spirit   .   F - -2 hat of the Alchemist {rElec rPois rF+ rC+ rN+ MR+ rMut rCorr}
rElec    +         Reflect  .   w - scarf {cloud immunity}
rCorr    +         Harm     .   (no gloves)
rMut     +                      (no boots)
MR       ++...                  y - amulet of regeneration
Stlth    ..........             x - +6 ring of intelligence
HPRegen  0.68/turn              E - ring of the Octopus King {rC+ AC+1 EV+1 Str+1 Int+1 Dex+1}
MPRegen  0.15/turn

@: about to teleport, marked, berserk cooldown, flying, slowed, very slow
A: big wings, negative energy resistance 1, electricity resistance, unbreathing,
petrification resistance, rot immunity, AC +12
a: Stop Flying, Berserk, Trog's Hand, Brothers in Arms, Renounce Religion


You were on level 2 of the Orcish Mines.
You worshipped Trog.
Trog was exalted by your worship.
You were hungry.

You visited 4 branches of the dungeon, and saw 24 of its levels.

You collected 2374 gold pieces.

Inventory:

Hand Weapons
 a - a +0 war axe
 n - the +11 executioner's axe "Moall" (weapon) {speed, Int+2}
   (You acquired it on level 9 of the Dungeon)

   Attacks with this weapon are significantly faster.
   It affects your intelligence (+2).
 A - a +2 battleaxe of venom
 J - a +3 battleaxe of flaming
 L - a +4 antimagic executioner's axe
Armour
 b - a +6 plate armour (worn)
 w - a scarf of cloud immunity (worn)
 F - the -2 hat of the Alchemist (worn) {rElec rPois rF+ rC+ rN+ MR+ rMut rCorr}
   (You found it on level 3 of the Lair of Beasts)

   It protects you from fire.
   It protects you from cold.
   It insulates you from electricity.
   It protects you from poison.
   It protects you from negative energy.
   It affects your resistance to hostile enchantments.
   It provides partial protection from all sources of acid and corrosion.
   It protects you from mutation.
Jewellery
 l - an uncursed amulet of rage
 x - a +6 ring of intelligence (left hand)
 y - an amulet of regeneration (around neck)
 E - a ring of the Octopus King (right hand) {rC+ AC+1 EV+1 Str+1 Int+1 Dex+1}
   (You found it on level 3 of the Lair of Beasts)

   [ring of protection from cold]

   It affects your AC (+1).
   It affects your evasion (+1).
   It affects your strength (+1).
   It affects your intelligence (+1).
   It affects your dexterity (+1).
   It protects you from cold.
Wands
 e - a wand of acid (26)
 i - a wand of iceblast (16)
 o - a wand of random effects (75)
 p - a wand of flame (21)
 s - a wand of enslavement (8)
 u - a wand of paralysis (30)
 C - a wand of digging (6)
 D - a wand of disintegration (14)
 K - a wand of clouds (3)
Scrolls
 d - 2 scrolls of fear
 f - 14 scrolls of remove curse
 j - a scroll of teleportation
 k - a scroll of enchant weapon {unknown}
 B - a scroll of summoning
 G - 3 scrolls of magic mapping
 H - a scroll of blinking {unknown}
Potions
 g - 2 potions of might
 h - 4 potions of ambrosia
 r - 6 potions of mutation
 t - a potion of berserk rage
 v - a potion of resistance
 z - 3 potions of haste
Comestibles
 c - 31 rations
 q - a chunk of flesh


   Skills:
 + Level 15.6 Fighting
 + Level 13.4 Axes
 + Level 15.4 Armour
 + Level 12.3 Dodging


You had 15 spell levels left.
You didn't know any spells.
Your spell library was empty.

Dungeon Overview and Level Annotations

Branches:
Dungeon (15/15)            Temple (1/1) D:4            Lair (6/6) D:8
 Shoals (0/4) Lair:2        Snake (0/4) Lair:3        Slime (0/5) Lair:5
    Orc (2/2) D:9             Elf (0/3) Orc:2        Vaults (0/5) D:13
 Depths (0/5) D:15

Altars:
Cheibriados
Dithmenos
Nemelex Xobeh
Ru
Uskayaw
Xom
The Shining One
Beogh

Shops:
D:6 %   D:8 =   D:9 =   D:15 :   Orc:1 :

Annotations:
D:13 6 runed translucent doors
D:14 exclusion: obsidian statue
Lair:4 exclusion: 4 oklob plants
Orc:1 2 runed translucent doors, exclusion: orange crystal statue


Innate Abilities, Weirdness & Mutations

You are resistant to torment.
Your stone body is resilient. (AC +12)
You are immune to poison.
Your large and strong wings let you fly indefinitely.
You resist negative energy. (rN+)
You are resistant to electric shocks. (rElec)
You can survive without breathing.
You are immune to petrification.
You are immune to rotting.


Message History

The orc warrior hits you but does no damage.
The orc warrior barely misses you. The orc high priest closely misses you.
The orc warrior misses you.
The orc wizard hits you but does no damage.
The orc warrior hits you with a +0 long sword.
* * * LOW HITPOINT WARNING * * *
The orc warrior misses you.
You feel better.
The orc no longer looks unusually strong.
The orc warrior hits you but does no damage.
The orc high priest hits you but does no damage.
The orc wizard hits you but does no damage.
The orc warrior closely misses you.
The orc warrior hits you with a +0 long sword!
* * * LOW HITPOINT WARNING * * *
The orc warrior hits you but does no damage. x2
The orc wizard hits you but does no damage.
The orc high priest calls down the wrath of Beogh upon you.
Beogh smites you!
You die...

...........## ##.##..#)...
............# ### #...........
............###.## ##..#....#...
................. #..#.....#...
................# ##.........#.#
...o4§##....#...## #...........##
....o[).....##..o# #.............
...o3)).......4oo###...##........
##...######..ooo@o)...####.##....
..... ##.o##o.......####.....
..... ##.##.........##......
.#### #.###(.......##...... . #.#
###.............. #.#
#...........### #.#
##.#........### #.#
###........##. #.#
#####..........


You could see an orc high priest, an ice devil, 4 orc warriors, an orc priest, 2
orc wizards and an orc.

Vanquished Creatures
  Saint Roka (Orc:2)
  2 orc warlords
  Nessos (Orc:2)
  Josephine (D:11)
  Erolcha (D:10)
  The ghost of nxtlvl the Covert, a journeyman DEMo of Dithmenos (Lair:6)
  7 hydras
  Harold (D:10)
  2 vault guards (D:13)
  Fannar (Lair:1)
  Erica (D:11)
  3 centaur warriors
  3 death knights
  4 two-headed ogres
  5 tengu warriors
  3 orc high priests (Orc:2)
  16 spriggans (Lair:6)
  Urug (Lair:4)
  Nergalle (Lair:4)
  2 wizards (D:13)
  3 unseen horrors
  2 necromancers (D:13)
  A harpy (shapeshifter) (D:15)
  3 manticores
  5 deep elf magi
  17 ugly things
  3 orc sorcerers
  5 cyclopes
  Maurice (D:11)
  A naga mage (D:15)
  6 elephants
  3 black mambas
  A molten gargoyle (D:13)
  A guardian serpent (Lair:3)
  A gargoyle (D:11)
  2 kobold demonologists (D:15)
  10 spiny frogs
  7 komodo dragons
  A komodo dragon (shapeshifter) (D:14)
  6 polar bears (Lair:6)
  3 tengu conjurers (D:15)
  6 trolls
  6 hornets
  25 blink frogs
  5 hippogriffs
  9 slime creatures
  13 dream sheep (Lair:6)
  8 wraiths
  41 yaks
  5 wyverns
  20 humans (D:13)
  4 water elementals (D:15)
  3 hungry ghosts
  Grum (D:9)
  7 basilisks
  2 vampire mosquitoes (D:15)
  2 acid dragons
  9 porcupines
  9 water moccasins
  18 orc warriors
  An ice beast (D:11)
  5 black bears
  5 sky beasts
  2 necrophages
  3 phantoms
  12 centaurs
  31 wolves
  3 boggarts (Lair:6)
  9 ogres
  15 crocodiles
  3 big kobolds (D:15)
  17 bullfrogs
  6 scorpions
  19 killer bees
  27 wights
  6 howler monkeys
  3 electric eels
  7 crimson imps
  A bullfrog zombie (D:6)
  2 lava snakes (D:13)
  A centaur zombie (D:11)
  A quasit (D:11)
  7 hounds
  6 jellies
  23 orc priests
  3 bullfrog skeletons
  8 iguanas
  32 orc wizards
  7 worker ants
  8 ogre zombies (D:9)
  A hound skeleton (D:6)
  7 gnolls
  12 adders
  3 shadow imps
  An ooze (Lair:5)
  An adder skeleton (D:10)
  2 worms
  A dart slug (D:1)
  5 leopard geckos
  89 orcs
  3 giant cockroaches
  3 goblins
  6 hobgoblins
  9 jackals
  6 kobolds
  7 quokkas
  4 ball pythons
  4 bats
  8 frilled lizards
  A goblin skeleton (D:9)
  A goblin zombie (D:9)
  3 hobgoblin skeletons (D:9)
  3 hobgoblin zombies (D:9)
  A leopard gecko skeleton (D:7)
  5 orc skeletons (D:9)
  12 orc zombies (D:9)
  A quokka zombie (D:7)
  23 rats
  5 fungi
  11 plants
843 creatures vanquished.

Vanquished Creatures (collateral kills)
  An orc warlord (Orc:2)
  An ettin (Orc:2)
  A hydra (D:15)
  An orc high priest (Orc:2)
  A death drake (shapeshifter) (D:15)
  A deep elf archer (Orc:2)
  2 deep elf magi (Orc:2)
  A komodo dragon (Lair:3)
  A hornet (Lair:6)
  2 orc warriors (Orc:2)
  A wolf (Lair:6)
  A crocodile (Lair:3)
  An orc (Orc:2)
15 creatures vanquished.

Vanquished Creatures (others)
  An orc priest (Orc:2)
  4 fungi
  6 plants
11 creatures vanquished.

Grand Total: 869 creatures vanquished

Notes
Turn   | Place    | Note
-------+----------+-------------------------------------------
     0 | D:1      | Fang the Gargoyle Berserker began the quest for the Orb.
     0 | D:1      | Reached XP level 1. HP: 14/14 MP: 1/1
   118 | D:1      | Reached XP level 2. HP: 7/19 MP: 2/2
  1061 | D:2      | Reached XP level 3. HP: 23/23 MP: 3/3
  1721 | D:3      | Reached XP level 4. HP: 28/29 MP: 4/4
  2082 | D:3      | Reached ** piety under Trog
  2206 | D:3      | Reached XP level 5. HP: 33/33 MP: 5/5
  2651 | D:3      | Reached XP level 6. HP: 39/39 MP: 6/6
  2724 | D:3      | Reached *** piety under Trog
  3061 | D:4      | Reached skill level 5 in Fighting
  3061 | D:4      | Reached XP level 7. HP: 42/44 MP: 7/7
  3622 | D:4      | Found a staircase to the Ecumenical Temple.
  3707 | Temple   | Entered the Ecumenical Temple
  3760 | D:5      | Entered Level 5 of the Dungeon
  4096 | D:5      | Reached skill level 5 in Armour
  4136 | D:5      | Reached XP level 8. HP: 14/51 MP: 8/8
  4156 | D:5      | Reached skill level 5 in Axes
  4181 | D:5      | Found a hide-covered altar of Uskayaw.
  4678 | D:6      | Reached **** piety under Trog
  5063 | D:6      | Found Fopoe's Food Shoppe.
  5431 | D:7      | Reached XP level 9. HP: 56/56 MP: 9/9
  5621 | D:7      | Reached skill level 5 in Dodging
  5896 | D:8      | Found a shimmering altar of Xom.
  6379 | D:8      | Found a roughly hewn altar of Beogh.
  6458 | D:8      | Found a staircase to the Lair.
  6469 | D:8      | Reached ***** piety under Trog
  6613 | D:8      | Reached XP level 10. HP: 64/64 MP: 10/10
  6658 | D:8      | Found Ulotweme's Jewellery Boutique.
  6780 | Lair:1   | Entered Level 1 of the Lair of Beasts
  6805 | D:9      | Identified a scroll of acquirement
  6808 | D:9      | Got a crystal executioner's axe
  6809 | D:9      | Identified the +11 executioner's axe "Moall" {speed, Int+2}
                  | (You acquired it on level 9 of the Dungeon)
  6847 | D:9      | Found a staircase to the Orcish Mines.
  7018 | D:9      | Noticed Grum
  7025 | D:9      | Killed Grum
  7207 | D:9      | Found Lafe Xixt's Jewellery Emporium.
  7311 | D:9      | Found a flagged portal.
  7635 | D:10     | Entered Level 10 of the Dungeon
  7834 | D:10     | Noticed Harold
  7861 | D:10     | Killed Harold
  8011 | D:10     | Reached XP level 11. HP: 47/72 MP: 11/11
  8063 | D:10     | Noticed Erolcha
  8074 | D:10     | Killed Erolcha
  8430 | D:10     | Reached ****** piety under Trog
  8445 | D:10     | Received a gift from Trog
  8569 | D:11     | Killed an unseen horror
  8569 | D:11     | Reached skill level 10 in Fighting
  8596 | D:11     | Noticed Erica
  8610 | D:11     | Killed Erica
  8638 | D:11     | Reached skill level 10 in Armour
  8706 | D:11     | Noticed a two-headed ogre
  8710 | D:11     | Killed a two-headed ogre
  8740 | D:11     | Noticed Josephine
  8748 | D:11     | Killed Josephine
  8951 | D:11     | Noticed a two-headed ogre
  8958 | D:11     | Killed a two-headed ogre
  8958 | D:11     | Reached XP level 12. HP: 77/79 MP: 12/12
  9194 | D:11     | Noticed Maurice
  9203 | D:11     | Killed Maurice
  9359 | D:11     | Received a gift from Trog
  9739 | Lair:1   | Noticed a five-headed hydra
  9747 | Lair:1   | Killed a ten-headed hydra
  9898 | Lair:1   | Reached skill level 10 in Axes
 10088 | Lair:1   | Noticed Fannar
 10102 | Lair:1   | Killed Fannar
 10638 | Lair:2   | Found a staircase to the Shoals.
 11145 | Lair:2   | Reached XP level 13. HP: 86/86 MP: 13/13
 11502 | Lair:3   | Found the ring of the Octopus King
 11518 | Lair:3   | Received a gift from Trog
 11540 | Lair:3   | Got a ring of the Octopus King
 11542 | Lair:3   | Identified a ring of the Octopus King {rC+ AC+1 EV+1 Str+1
                  | Int+1 Dex+1} (You found it on level 3 of the Lair of
                  | Beasts)
 11561 | Lair:3   | HP: 4/129 [11-headed hydra (5)]
 11561 | Lair:3   | HP: 1/129 [11-headed hydra (3)]
 11945 | Lair:3   | Found a staircase to the Snake Pit.
 12012 | Lair:3   | Found the -2 hat of the Alchemist {rElec rPois rF+ rC+ rN+
                  | MR+ rMut rCorr}
 12693 | Lair:4   | Noticed Urug
 12697 | Lair:4   | Killed Urug
 12697 | Lair:4   | Reached skill level 10 in Dodging
 12718 | Lair:4   | Noticed Nergalle
 12726 | Lair:4   | Killed Nergalle
 13463 | Lair:4   | HP: 1/88 [acid (4)]
 13833 | Lair:5   | Found a staircase to the Slime Pits.
 14149 | Lair:5   | Gained mutation: Your large and strong wings let you fly
                  | indefinitely. [Gargoyle growth]
 14149 | Lair:5   | Reached XP level 14. HP: 56/94 MP: 14/14
 14583 | Lair:6   | Entered Level 6 of the Lair of Beasts
 14627 | Lair:6   | Received a gift from Trog
 14931 | Lair:6   | Received a gift from Trog
 15173 | Lair:6   | Found a runed translucent door.
 15179 | Lair:6   | Noticed nxtlvl's ghost (journeyman DEMo)
 15227 | Lair:6   | Killed nxtlvl's ghost
 17007 | D:13     | Received a gift from Trog
 17067 | D:13     | Reached XP level 15. HP: 85/100 MP: 15/15
 17086 | D:13     | Found a gate to the Vaults.
 17415 | D:13     | Found a runed translucent gate.
 17415 | D:13     | Found a runed translucent gate.
 17415 | D:13     | Found a runed translucent gate.
 17418 | D:13     | Noticed a tengu reaver
 17467 | D:13     | Noticed a fire giant
 17750 | D:13     | Found a runed translucent gate.
 17750 | D:13     | Found a runed translucent gate.
 17750 | D:13     | Found a runed translucent gate.
 18205 | D:14     | Found a snail-covered altar of Cheibriados.
 19104 | D:15     | Entered Level 15 of the Dungeon
 19362 | D:15     | Reached skill level 15 in Fighting
 19375 | D:15     | Received a gift from Trog
 19606 | D:15     | Found a staircase to the Depths.
 19806 | D:15     | Reached skill level 15 in Armour
 19820 | D:15     | Reached XP level 16. HP: 91/108 MP: 16/16
 20035 | D:15     | Found Zeczun's Book Emporium.
 20246 | Orc:1    | Entered Level 1 of the Orcish Mines
 20429 | Orc:1    | Found a runed translucent door.
 20434 | Orc:1    | Found the +10 large shield of Ignorance {rN+ Int-4}
 20447 | Orc:1    | Found Ishrott's Book Boutique.
 20448 | Orc:1    | Found a runed translucent door.
 20776 | Orc:1    | Received a gift from Trog
 21079 | Orc:2    | Entered Level 2 of the Orcish Mines
 21193 | Orc:2    | Noticed Nessos
 21204 | Orc:2    | Killed Nessos
 21246 | Orc:2    | Identified the +6 scimitar "Killer Klown's Death" {freeze,
                  | rF+ Str+4 Int+4 Stlth+}
 21303 | Orc:2    | Identified the +7 scimitar "Vies" {drain, Fragile rPois
                  | Str-4 Int+8}
 21335 | Orc:2    | HP: 2/108 [orc warlord/the +6 scimitar "Killer Klown's
                  | Death" {freeze, rF+ Str+4 Int+4 Stlth+} (15)]
 22308 | Orc:2    | Found a staircase to the Elven Halls.
 22370 | Orc:2    | Noticed Saint Roka
 22387 | Orc:2    | Killed Saint Roka
 22391 | Orc:2    | Killed from afar by an orc high priest

Skill      XL: |  1  2  3  4  5  6  7  8  9 10 11 12 13 14 15 |
---------------+----------------------------------------------+-----
Axes           | 3 4 5 6 8 9 10 11 12 13 | 13.4
Dodging        | 2 3 4 5 7 8 9 10 11 12 | 12.3
Armour         | 3 4 5 6 7 9 10 11 13 14 15 | 15.4
Fighting       | 4 5 6 8 9 10 12 13 14 15 | 15.6

Action                   |  1- 3 |  4- 6 |  7- 9 | 10-12 | 13-15 | 16-18 || total
-------------------------+-------+-------+-------+-------+-------+-------++-------
Melee: Hand axe          |   100 |   103 |       |       |       |       ||   203
       War axe           |       |    77 |   525 |    13 |       |       ||   615
       Executioner's axe |       |       |       |   419 |   937 |   167 ||  1523
Invok: Berserk           |       |     2 |     4 |     6 |     7 |     7 ||    26
       Trog's Hand       |       |       |       |     2 |     1 |       ||     3
       Brothers in Arms  |       |       |       |       |     3 |     3 ||     6
 Abil: Fly               |       |       |       |       |     1 |       ||     1
  Use: Scroll            |       |       |    15 |     3 |    16 |     6 ||    40
       Potion            |       |       |       |       |     7 |     6 ||    13
 Stab: Distracted        |       |       |       |       |     1 |       ||     1
  Eat: Chunk             |     2 |     7 |    16 |    25 |    33 |    15 ||    98
       Ration            |       |       |       |     1 |     1 |       ||     2
Armor: Animal skin       |    29 |       |       |       |       |       ||    29
       Plate armour      |    29 |   147 |   479 |   392 |   765 |   149 ||  1961
Dodge: Dodged            |    64 |    78 |   296 |   277 |   672 |   148 ||  1535
